 Dungeon Crawl Stone Soup version 0.27.1 (webtiles) character file.

Game seed: 7643117382756795279

1540 Malachi the Chopper (level 9, -6/69 HPs)
             Began as a Formicid Abyssal Knight on Aug 25, 2021.
             Was a Believer of Lugonu.
             Mangled by a moth of wrath (8 damage)
             ... on level 5 of the Dungeon.
             The game lasted 00:05:45 (5621 turns).

Malachi the Chopper (Formicid Abyssal Knight)       Turns: 5621, Time: 00:05:46

Health: -6/69      AC: 13    Str: 20    XL:     9   Next: 11%
Magic:  10/10      EV:  8    Int: 12    God:    Lugonu [**....]
Gold:   158        SH:  0    Dex: 10    Spells: 8/8 levels left

rFire    . . .     SeeInvis +   a - +2 hand axe
rCold    . . .     Faith    .   (no shield)
rNeg     . . .     Spirit   .   d - +1 chain mail
rPois    .         Reflect  .   (helmet unavailable)
rElec    .         Harm     .   (no cloak)
rCorr    .         Rampage  .   k - +0 pair of gloves
Will     .....                  t - +0 pair of boots
Stlth    ..........             (no amulet)
HPRegen  0.21/turn              i - ring of flight
MPRegen  0.12/turn              (no ring)

@: flying, invisible
A: permanent stasis, dig shafts and tunnels, antennae 3, four strong arms
a: Dig, Shaft Self, Renounce Religion, Depart the Abyss, Bend Space


You were on level 5 of the Dungeon.
You worshipped Lugonu.
Lugonu was pleased with you.
You visited 1 branch of the dungeon, and saw 6 of its levels.
You visited the Abyss 1 time.

You collected 158 gold pieces.

Inventory:

Hand Weapons
 a - a +2 hand axe (weapon)
 p - a +0 lajatang
Armour
 d - a +1 chain mail (worn)
 k - a +0 pair of gloves (worn)
 t - a +0 pair of boots (worn)
Jewellery
 i - a ring of flight (left hand)
Wands
 q - a wand of mindburst (4)
 v - a wand of polymorph (7)
Scrolls
 c - a scroll of fear
 h - 4 scrolls of enchant weapon
 m - 2 scrolls of magic mapping
 o - a scroll of enchant armour
Potions
 b - 2 potions of curing
 e - a potion of ambrosia
 g - a potion of lignification
 l - a potion of attraction {unknown}
 n - a potion of heal wounds {unknown}
 r - a potion of mutation {unknown}
 s - a potion of resistance {unknown}
 u - a potion of brilliance {unknown}
 w - a potion of flight {unknown}


   Skills:
 + Level 6.0 Fighting
 + Level 7.9 Axes
 + Level 6.0 Armour
 + Level 1.3 Dodging
 + Level 1.4 Stealth
 + Level 2.4 Invocations
 + Level 2.1 Evocations


You had 8 spell levels left.
You didn't know any spells.
Your spell library contained the following spells:

 Spells                   Type           Power      Damage    Failure   Level
 Beastly Appendage        Tmut           0%         N/A       96%         1
 Magic Dart               Conj           0%         1d3       96%         1
 Call Imp                 Summ           0%         N/A       99%         2
 Wereblood                Tmut           0%         N/A       99%         2
 Mephitic Cloud           Conj/Pois/Air  0%         N/A       100%        3
 Spider Form              Tmut/Pois      0%         N/A       100%        3


Dungeon Overview and Level Annotations

Branches:
Dungeon (6/15)             Temple (0/1) D:5

Altars:
Kikubaaqudgha
Wu Jian

Shops:
D:2 (

Annotations:
D:5 2 transporters, Quickbrownfox's ghost, amateur DsGl
D:6 Blork the orc


Innate Abilities, Weirdness & Mutations

You cannot be hasted, slowed, berserked, paralysed or teleported.
You can dig through walls and to a lower floor.
You have a pair of large antennae on your head. (SInv)
Your four strong arms can wield two-handed weapons with a shield.


Message History

Unknown command.
You slash the moth of wrath!
The moth of wrath is moderately wounded.
The moth of wrath bites you but does no damage.
The moth of wrath barely misses you.
You hit the moth of wrath.
The moth of wrath is moderately wounded.
The moth of wrath bites you!
You hit the moth of wrath.
The moth of wrath is moderately wounded.
The moth of wrath bites you!
You are too injured to fight recklessly!
You are too injured to fight recklessly!
You hit the moth of wrath.
The moth of wrath is heavily wounded.
The moth of wrath barely misses you.
You barely miss the moth of wrath.
The moth of wrath is heavily wounded.
The moth of wrath barely misses you.
You hit the moth of wrath.
The moth of wrath is heavily wounded.
The moth of wrath closely misses you.
You slash the moth of wrath!
The moth of wrath is severely wounded.
The moth of wrath bites you but does no damage.
You hit the moth of wrath.
The moth of wrath is severely wounded.
The moth of wrath bites you!
* * * LOW HITPOINT WARNING * * *
You hit the moth of wrath.
The moth of wrath is almost dead.
The moth of wrath bites you!
* * * LOW HITPOINT WARNING * * *
You feel better. The moth of wrath bites you.
* * * LOW HITPOINT WARNING * * *
You fade into invisibility!
The moth of wrath bites you!
* * * LOW HITPOINT WARNING * * *
The moth of wrath bites you!
You die...

#.#.##########[###..
##########.#.................
####............####.##.##.##...
#....)...)......................
##.###########.#.####.##.##.###..
#......#######.#.# #.##.##.# #..
#......#.......#.####.##.##.# #..
#......#....#..y..(...##.##.###..
#......#.......#@................
#......#...#.#...................
#......#...#.###.........##.###..
#......'..##...###...............
##'###^#..#........#.######.###..
#.# #...##..>..##...######.###..
#.###.#........#..####..........
#.......###...##.......[...###..
#[....[...###.#..########..# #..


You could see a moth of wrath.

Vanquished Creatures
  Pikel (D:5)
  Sigmund (D:3)
  Eustachio (D:5)
  An orc warrior (D:4)
  A black bear (D:5)
  A necrophage (D:5)
  An ogre (D:5)
  A lemure (D:5)
  A scorpion (D:5)
  A water moccasin skeleton (D:4)
  A howler monkey (D:5)
  A crimson imp (D:5)
  A bullfrog zombie (D:5)
  An orc priest (D:4)
  2 iguanas (D:4)
  An orc wizard (D:3)
  5 adders
  A gnoll (D:1)
  A white imp (D:5)
  A worm (D:3)
  A dart slug (D:2)
  5 orcs
  3 ball pythons
  4 endoplasms
  2 giant cockroaches
  9 goblins
  7 hobgoblins
  4 jackals (D:1)
  6 kobolds
  6 quokkas
  6 bats
  4 frilled lizards
  7 rats
89 creatures vanquished.

Vanquished Creatures (others)
  A fungus (D:1)
  A plant (D:3)
  4 starspawn tentacles (Abyss:1)
6 creatures vanquished.

Grand Total: 95 creatures vanquished

Notes
Turn   | Place    | Note
-------+----------+-------------------------------------------
     0 | Abyss:1  | Malachi the Formicid Abyssal Knight began the quest for the
                  | Orb.
     0 | Abyss:1  | Reached XP level 1. HP: 18/18 MP: 2/2
    43 | Abyss:1  | Noticed a tentacled starspawn
    60 | Abyss:1  | Noticed an ancient zyme
    69 | D:1      | Escaped the Abyss
   559 | D:1      | Reached XP level 2. HP: 24/24 MP: 3/3
   661 | D:1      | Found a faded altar of an unknown god.
   663 | D:1      | Reached * piety under Lugonu
   671 | D:1      | Reached XP level 3. HP: 29/29 MP: 4/4
   830 | D:1      | Reached skill level 1 in Dodging
  1423 | D:2      | Found Genymumy's Antique Weapon Boutique.
  1435 | D:2      | Reached XP level 4. HP: 36/36 MP: 5/5
  1437 | D:2      | Reached skill level 3 in Axes
  1908 | D:3      | Noticed Sigmund
  1911 | D:3      | Killed Sigmund
  1912 | D:3      | Reached skill level 4 in Axes
  1912 | D:3      | Reached XP level 5. HP: 42/42 MP: 6/6
  1912 | D:3      | Reached XP level 6. HP: 48/48 MP: 7/7
  1983 | D:3      | Reached ** piety under Lugonu
  2425 | D:4      | Noticed an orc warrior
  2434 | D:4      | Killed an orc warrior
  2435 | D:4      | Reached skill level 5 in Axes
  2435 | D:4      | Reached XP level 7. HP: 11/55 MP: 8/8
  2695 | D:4      | Found an ornate altar of the Wu Jian Council.
  3259 | D:4      | Found an ancient bone altar of Kikubaaqudgha.
  3770 | D:5      | Entered Level 5 of the Dungeon
  3841 | D:5      | Noticed Quickbrownfox's ghost (amateur DsGl)
  3870 | D:5      | Found a transporter.
  3870 | D:5      | Found a transporter.
  3873 | D:5      | Found the +4 Cigotuvi's embrace {rMiasma Drain rN+}
  3954 | D:5      | Reached skill level 5 in Fighting
  4037 | D:5      | Noticed Eustachio
  4046 | D:5      | Killed Eustachio
  4047 | D:5      | Reached skill level 6 in Axes
  4047 | D:5      | Reached skill level 5 in Armour
  4047 | D:5      | Reached skill level 1 in Evocations
  4047 | D:5      | Reached XP level 8. HP: 47/62 MP: 9/9
  4281 | D:5      | Found a staircase to the Ecumenical Temple.
  4301 | D:5      | Reached skill level 1 in Stealth
  5040 | D:6      | Noticed Pikel
  5053 | D:5      | Killed Pikel
  5054 | D:5      | Reached skill level 7 in Axes
  5054 | D:5      | Reached XP level 9. HP: 33/69 MP: 10/10
  5601 | D:6      | Noticed a cyclops
  5604 | D:6      | Noticed a moth of wrath
  5604 | D:6      | a cyclops changed into a moth of wrath
  5604 | D:6      | Noticed Blork the orc
  5621 | D:5      | HP: 2/69 [moth of wrath (13)]
  5621 | D:5      | Mangled by a moth of wrath

Illustrated notes

Levels and vault maps discovered:
D:1:      minmay_arrival_shattered_statue, layout_basic,
          dreamdust_ecumenical_altar_grove
D:2:      layout_rooms, serial_shops, shop
D:3:      layout_basic, corexii_shack, uniq_sigmund
D:4:      layout_basic, mainiacjoe_overflow_chevrons, kennysheep_little_box
D:5:      layout_basic, minmay_temple_entry_slanted, gammafunk_ghost_hive,
          minmay_fire_ice_demons, uniq_eustachio
D:6:      layout_cave_pools, fiery_altar_vehumet, minmay_misc_feat_hallway,
          minivault_24, chequers_serial_rivers_small_b,
          kennysheep_generic_room_11, uniq_maggie, uniq_blork_the_orc,
          uniq_pikel

Skill      XL: |  1  2  3  4  5  6  7  8  9 |
---------------+----------------------------+-----
Dodging        | 1 |  1.3
Armour         | 3 4 5 6 |  6.0
Axes           | 4 5 6 7 |  7.9
Fighting       | 4 5 6 |  6.0
Evocations     | 1 2 |  2.1
Stealth        | 1 |  1.4
Invocations    | |  2.4

Action                   |  1- 3 |  4- 6 |  7- 9 || total
-------------------------+-------+-------+-------++-------
Melee: Hand axe          |    89 |    89 |   136 ||   314
Invok: Depart the Abyss  |     1 |       |       ||     1
Evoke: Wand              |       |     4 |    11 ||    15
  Use: Scroll            |     2 |     3 |     3 ||     8
       Potion            |       |       |     2 ||     2
Armor: Chain mail        |    52 |    54 |    62 ||   168
       Leather armour    |     2 |       |       ||     2
Dodge: Dodged            |    33 |    38 |    57 ||   128
